 Dungeon Crawl Stone Soup version 0.20.1-1-g8b1a95d (webtiles) character file.

877 Energizer the Chopper (level 8, -11/70 HPs)
             Began as a Hill Orc Abyssal Knight on July 17, 2017.
             Was a Believer of Lugonu.
             Mangled by an ogre
             ... wielding a +0 giant club
              (24 damage)
             ... on level 4 of the Dungeon.
             The game lasted 00:28:41 (9109 turns).

Energizer the Chopper (Hill Orc Abyssal Knight)     Turns: 9109, Time: 00:28:42

Health: -11/70     AC:  9    Str: 15    XL:     8   Next: 4%
Magic:  12/12      EV:  6    Int: 12    God:    Lugonu [**....]
Gold:   284        SH:  3    Dex: 12    Spells: 7/7 levels left

rFire    . . .     SeeInvis .   a - +1 hand axe
rCold    . . .     Gourm    .   u - +0 buckler
rNeg     . . .     Faith    .   o - +0 chain mail
rPois    .         Spirit   .   (no helmet)
rElec    .         Reflect  .   (no cloak)
rCorr    .         Harm     .   (no gloves)
MR       .....                  (no boots)
Stlth    ..........             (no amulet)
Regen    0.3/turn               (no ring)
MPRegen  0.2/turn               (no ring)

@: lethally poisoned (-11 -> -12)
A: no striking features
a: Depart the Abyss, Bend Space, Renounce Religion


You were on level 4 of the Dungeon.
You worshipped Lugonu.
Lugonu was pleased with you.
You were hungry.

You visited 1 branch of the dungeon, and saw 5 of its levels.
You visited the Abyss 1 time.

You collected 284 gold pieces.

Inventory:

Hand Weapons
 a - a +1 hand axe (weapon)
Missiles
 b - 2 tomahawks (quivered)
Armour
 o - a +0 chain mail (worn)
 u - a +0 buckler (worn)
Jewellery
 r - a cursed -5 ring of evasion {unknown}
Scrolls
 e - a scroll of enchant armour {unknown}
 f - 4 scrolls of teleportation {unknown}
 j - 4 scrolls of remove curse
 n - a scroll of amnesia {unknown}
 t - 2 scrolls of fog {unknown}
 x - a scroll of magic mapping {unknown}
 y - a scroll of identify
Potions
 d - a potion of curing
 g - a potion of invisibility
 k - 2 potions of brilliance
 l - a potion of ambrosia
 m - 2 potions of lignification {unknown}
 p - a potion of cancellation {unknown}
 q - a potion of berserk rage {unknown}
 s - a potion of heal wounds {unknown}
 v - 2 potions of degeneration {unknown}
Comestibles
 c - 4 bread rations
 i - a meat ration
 w - a royal jelly


   Skills:
 + Level 5.7 Fighting
 * Level 7.4 Axes
 + Level 4.2 Armour
 - Level 2.5 Dodging
 + Level 5.5 Invocations


You had 7 spell levels left.
You didn't know any spells.

Dungeon Overview and Level Annotations

Branches:
Dungeon (5/15)             Temple (0/1) D:5

Altars:
Elyvilon
Gozag
Nemelex Xobeh

Shops:
D:5 =


Message History

You hit the ogre.
You feel sick.
The orc wizard hits you but does no damage.
The ogre hits you with a giant club!
* * * LOW HITPOINT WARNING * * *
You block the orc wizard's attack.
You hit the orc wizard but do no damage.
The orc wizard is almost dead.
You slash the ogre!
The orc wizard hits you but does no damage.
The ogre hits you with a giant club.
* * * LOW HITPOINT WARNING * * *
You closely miss the orc wizard.
The orc wizard is almost dead.
You hit the ogre. You block the orc wizard's attack.
You barely miss the orc wizard.
The orc wizard is almost dead.
You hit the ogre.
You feel sick.
The orc wizard gestures wildly while chanting.
The orc wizard blinks!
The ogre hits you with a giant club!!
You die...

..#############.....####.#.#####O
.## #.# #####.# #.#....... .# #[#
#.# #.####.### .# #.# #.#
##.####.... .# #.#
#.###.......##. .# ##.##
#.#............ .# ##O#.##
#.#.####.####.. ##
##.###.######)#.##.....##.#
#######.##
##..ยง@Oo...#.......#.#
......##O###.######.#.#..(....#.#
#####.###.#.## #.#....._....O#
#.# ##.## #.#.#.......#.. #.# ###
#.#.#.......#.. #.#
###.#.##.....##). #.#
#...#o####.####.# #####.####
#.#.#...........# ........)#
#.#(#############


You could see an ogre and an orc wizard.

Vanquished Creatures
  A phantom (D:4)
  A bullfrog (D:5)
  A scorpion (D:4)
  2 bullfrog skeletons (D:4)
  3 orc wizards
  A centaur skeleton (D:4)
  2 orc priests
  2 hounds (D:4)
  4 worker ants
  6 gnolls
  12 adders
  An ooze (D:4)
  2 worms
  2 dart slugs
  5 leopard geckos
  13 orcs
  9 bats
  6 giant cockroaches
  5 goblins
  12 hobgoblins
  A quokka (D:2)
  3 ball pythons
  7 frilled lizards
  5 kobolds
  A quokka skeleton (D:4)
  8 rats
115 creatures vanquished.

Notes
Turn   | Place    | Note
-------+----------+-------------------------------------------
     0 | Abyss:1  | Energizer the Hill Orc Abyssal Knight began the quest for the Orb.
     0 | Abyss:1  | Reached XP level 1. HP: 19/19 MP: 2/2
     0 | D:1      | Escaped the Abyss
    88 | D:1      | Reached skill level 1 in Dodging
    95 | D:1      | Reached skill level 3 in Axes
   103 | D:1      | Reached XP level 2. HP: 15/27 MP: 3/3
   335 | D:1      | Reached * piety under Lugonu
   718 | D:1      | Reached XP level 3. HP: 33/33 MP: 5/5
  1326 | D:2      | Reached skill level 4 in Axes
  1686 | D:2      | Reached XP level 4. HP: 40/40 MP: 6/6
  2456 | D:3      | Found a faded altar of an unknown god.
  2462 | D:3      | Reached ** piety under Lugonu
  3048 | D:4      | Reached XP level 5. HP: 43/46 MP: 7/7
  3305 | D:4      | Noticed an ogre
  3359 | D:3      | Reached skill level 5 in Axes
  3376 | D:3      | HP: 2/47 [poisoned by a worker ant]
  3889 | D:4      | Noticed a phantom
  3943 | D:3      | Reached XP level 6. HP: 25/53 MP: 9/9
  4212 | D:4      | Killed a phantom
  4633 | D:4      | Found a sparkling altar of Nemelex Xobeh.
  4885 | D:4      | Reached skill level 6 in Axes
  4894 | D:4      | Reached XP level 7. HP: 15/60 MP: 10/10
  6074 | D:4      | Reached skill level 5 in Fighting
  7083 | D:4      | Reached skill level 5 in Invocations
  7539 | D:5      | Entered Level 5 of the Dungeon
  7570 | D:5      | Found an opulent altar of Gozag.
  7743 | D:5      | Found a staircase to the Ecumenical Temple.
  7935 | D:5      | Found Bof Laxtal's Jewellery Shop.
  8273 | D:5      | Reached skill level 7 in Axes
  8710 | D:5      | Found a white marble altar of Elyvilon.
  9088 | D:4      | Reached XP level 8. HP: 60/70 MP: 12/12
  9109 | D:4      | Mangled by an ogre

Skill      XL: |  1  2  3  4  5  6  7 |
---------------+----------------------+-----
Dodging        | 1 2 |  2.5
Axes           | 3 4 5 6 7 |  7.4
Invocations    | 3 4 5 |  5.5
Fighting       | 4 5 |  5.7
Armour         | 3 4 |  4.2

Action                   |  1- 3 |  4- 6 |  7- 9 || total
-------------------------+-------+-------+-------++-------
Melee: Hand axe          |   104 |   217 |   244 ||   565
Throw: Tomahawk          |       |       |     2 ||     2
Invok: Depart the Abyss  |     1 |       |       ||     1
       Bend Space        |       |     1 |     7 ||     8
  Use: Scroll            |       |     3 |     3 ||     6
  Eat: Chunk             |     2 |    10 |     9 ||    21
       Fruit             |       |     1 |     4 ||     5
Armor: Leather armour    |    34 |    56 |    14 ||   104
       Chain mail        |       |       |    40 ||    40
Dodge: Dodged            |    48 |   124 |    94 ||   266
Block: Buckler           |       |       |    20 ||    20
